 Dungeon Crawl Stone Soup version 0.30-a0-359-gd0147acb1a (webtiles) character file.

Game seed: 14563393311861216611

138356 LnG the Imperceptible (level 17, -29/91 (99) HPs)
             Began as a Kobold Summoner on Nov 11, 2022.
             Was the Champion of Dithmenos.
             Killed from afar by Nikola (111 damage)
             ... with an arc of chain lightning
             ... on level 2 of the Spider Nest.
             The game lasted 01:42:25 (32810 turns).

LnG the Imperceptible (Kobold Summoner)            Turns: 32810, Time: 01:42:37

HP:   -29/91 (99)   AC: 13    Str:  9    XL:     17   Next: 85%
MP:   37/38         EV: 27    Int: 27    God:    Dithmenos [******]
Gold: 3220          SH:  4    Dex: 21    Spells: 15/32 levels left

rFire   + + +      SeeInvis .    H - +10 quick blade "Manasanu" {vamp, rF+ rC+ Will+ MP-9}
rCold   + . .      Faith    .    (no shield)
rNeg    . . .      Spirit   .    w - +3 leather armour {rF+}
rPois   .          Reflect  .    (no helmet)
rElec   .          Harm     .    N - +1 cloak {rF+}
rCorr   .          Rampage  .    n - +1 pair of gloves
Will    ++...                    I - +1 pair of boots of Disappointment {MP+9 Dex+4} Stlth **********
                                 Q - amulet of the acrobat
HPRegen 0.35/turn                G - ring of magical power
MPRegen 0.26/turn                P - +6 ring of intelligence

@: wreathed by umbra, drained
A: small, no large weapons, nightstalker 3, large bone plates 1, mutation
resistance 1, strong 1
a: Renounce Religion, Shadow Step, Shadow Form


You were on level 2 of the Spider Nest.
You worshipped Dithmenos.
Dithmenos was exalted by your worship.
You visited 6 branches of the dungeon, and saw 26 of its levels.
You also visited: Sewer, Bailey and Volcano.

You collected 4076 gold pieces.
You spent 856 gold pieces at shops.

Inventory:

Hand Weapons
 h - a +2 spectral rapier
 z - the +7 short sword of the End of Times {vorpal, +Blink rC+ Str+2}
   (You took it off a gnoll on level 5 of the Dungeon)

   It inflicts extra damage upon your enemies.
   Str:       It affects your strength (+2).
   rC:        It protects you from cold.
   +Blink:    It lets you blink.
 H - the +10 quick blade "Manasanu" (weapon) {vamp, rF+ rC+ Will+ MP-9}
   (You acquired it on level 9 of the Dungeon)

   It occasionally heals its wielder for a portion of the damage dealt when it
   wounds a living foe.
   rF:        It protects you from fire.
   rC:        It protects you from cold.
   MP:        It affects your magic capacity (-9).
   Will:      It increases your willpower.
Armour
 n - a +1 pair of gloves (worn)
 w - a +3 leather armour of fire resistance (worn)
 I - the +1 pair of boots of Disappointment (worn) {MP+9 Dex+4}
   (You found it on level 2 of the Spider Nest)

   Dex:       It affects your dexterity (+4).
   MP:        It affects your magic capacity (+9).
 N - a +1 cloak of fire resistance (worn)
 W - the +12 crystal plate armour "Acoemnas" {Str-3 Int+4 Dex+4}
   (You acquired it on level 1 of the Lair of Beasts)

   Str:       It affects your strength (-3).
   Int:       It affects your intelligence (+4).
   Dex:       It affects your dexterity (+4).
Jewellery
 a - a ring of flight
 G - a ring of magical power (left hand)
 K - a +6 ring of dexterity
 P - a +6 ring of intelligence (right hand)
 Q - an amulet of the acrobat (around neck)
 V - a ring of protection from fire
 Z - the amulet "Tumakihe" {RegenMP +Inv rN+ Slay+2}
   (You found it on level 4 of the Lair of Beasts)

   [amulet of magic regeneration]

   It increases your rate of magic regeneration.
   Slay:      It affects your accuracy & damage with ranged weapons and melee
   (+2).
   rN:        It protects you from negative energy.
   +Inv:      It lets you turn invisible.
Wands
 l - a wand of iceblast (16)
 v - a wand of polymorph (11)
 F - a wand of flame (45)
 L - a wand of charming (14)
 R - a wand of mindburst (26)
 Y - a wand of digging (2)
Scrolls
 d - 8 scrolls of teleportation
 f - 4 scrolls of fog
 g - 3 scrolls of amnesia
 m - 7 scrolls of poison
 o - 2 scrolls of enchant armour
 p - 9 scrolls of noise
 B - 4 scrolls of immolation
 C - a scroll of torment
 E - 2 scrolls of fear
 J - 6 scrolls of enchant weapon
 M - 4 scrolls of vulnerability
 X - 3 scrolls of magic mapping
Potions
 b - 6 potions of magic
 c - 6 potions of mutation
 e - 5 potions of brilliance
 i - 11 potions of flight
 j - a potion of heal wounds
 k - 7 potions of curing
 q - 4 potions of resistance
 r - 4 potions of ambrosia
 s - a potion of invisibility
 t - 6 potions of lignification
 u - 5 potions of attraction
 x - 4 potions of haste
 A - 5 potions of might
 D - 3 potions of cancellation
 O - a potion of berserk rage
 S - 3 potions of degeneration
Miscellaneous
 T - a box of beasts
 U - a phantom mirror


   Skills:
 + Level 8.4 Fighting
 + Level 11.3 Short Blades
 + Level 4.7 Armour
 * Level 16.5 Dodging
 * Level 25.0 Stealth
 + Level 4.0 Shields
 + Level 8.3 Spellcasting
 + Level 1.1 Hexes
 + Level 9.1 Summonings
 + Level 0.4 Ice Magic
 + Level 3.5 Air Magic
 * Level 11.2 Invocations


You had 15 spell levels left.
You knew the following spells:

 Your Spells              Type           Power      Damage    Failure   Level
a - Summon Small Mammal   Summ           100%       N/A       1%          1
b - Call Imp              Summ           57%        N/A       1%          2
c - Call Canine Familiar  Summ           57%        N/A       1%          3
d - Summon Guardian Gole  Hex/Summ       38%        N/A       2%          3
e - Summon Lightning Spi  Summ/Air       45%        N/A       4%          4
f - Summon Ice Beast      Ice/Summ       37%        N/A       10%         4

Your spell library contained the following spells:

 Spells                   Type           Power      Damage    Failure   Level
 Poisonous Vapours        Pois/Air       40%        N/A       4%          2
 Freeze                   Ice            52%        1d6       6%          1
 Cigotuvi's Dreadful Rot  Necr/Pois/Air  34%        N/A       6%          2
 Sandblast                Erth           22%        2d7       7%          1
 Sting                    Tmut/Pois      44%        1d5       7%          1
 Passwall                 Tmut/Erth      9%         N/A       11%         2
 Animate Armour           Summ/Erth      70%        N/A       11%         4
 Mephitic Cloud           Conj/Pois/Air  17%        N/A       13%         3
 Tukima's Dance           Hex            17%        N/A       13%         3
 Dazzling Flash           Conj/Hex       28%        N/A       16%         3
 Frozen Ramparts          Ice            26%        1d4       17%         3
 Gell's Gravitas          Tloc           11%        N/A       21%         3
 Lesser Beckoning         Tloc           22%        N/A       21%         3
 Stone Arrow              Conj/Erth      22%        3d8       21%         3
 Teleport Other           Tloc           11%        N/A       21%         3
 Ice Form                 Ice/Tmut       12%        N/A       52%         4
 Iskenderun's Mystic Bla  Conj/Tloc      11%        2d4       56%         4
 Olgreb's Toxic Radiance  Pois           11%        N/A       56%         4
 Passage of Golubria      Tloc           11%        N/A       56%         4
 Yara's Violent Unravell  Hex/Tmut       7%         3d5       83%         5
 Blade Hands              Tmut           5%         N/A       88%         5
 Iron Shot                Conj/Erth      5%         9d2       100%        6
 Starburst                Conj/Fire      5%         6d4       100%        6
 Storm Form               Tmut/Air       10%        N/A       100%        7
 Maxwell's Capacitive Co  Air            15%        ∞         100%        8


Dungeon Overview and Level Annotations

Branches:
Dungeon (15/15)            Temple (1/1) D:6            Lair (5/5) D:11
  Swamp (0/4) Lair:2       Spider (2/4) Lair:3        Slime (0/5) Lair:4
    Orc (2/2) D:9             Elf (1/3) Orc:2        Vaults (0/5) D:14
 Depths (0/4) D:15          Sewer (visited)          Bailey (visited)
Volcano (visited)

Altars:
Cheibriados
Dithmenos
Fedhas
Gozag
Hepliaklqana
Makhleb
Nemelex Xobeh
Qazlal
Sif Muna
Uskayaw
Wu Jian
Xom
Yredelemnul
The Shining One

Shops:
D:4 *   D:9 (   D:11 :   D:12 =   Orc:1 *   Orc:2 ?[??   Elf:1 :

Portals:
Trove: D:11 (give +3 gold dragon scales)

Annotations:
D:4 3 runed translucent doors, Bediveer's ghost, amateur DsAr; Encipher's ghost, novice FoFi
D:7 2 transporters, lokiplouj's ghost, novice MeCA
Spider:2 Nikola
Orc:1 1 runed translucent door, SleepySteel's ghost, journeyman GnGl


Innate Abilities, Weirdness & Mutations

You are small and have problems with some larger weapons.
You are completely attuned to the shadows.
You are partially covered in large bone plates. (SH +4)
You are somewhat resistant to further mutation.
Your muscles are strong. (Str +4, Int/Dex -1)


Message History

You puncture the pharaoh ant!
You destroy the pharaoh ant!
Dithmenos accepts your kill.
There is a stone staircase leading up, spattered with blood here.
A tarantella is nearby!
You block the tarantella's attack. The tarantella completely misses you.
You hit the tarantella but do no damage.
Your punch misses the tarantella. You hit the tarantella.
You feel better.
The tarantella is lightly wounded.
Your wolf bites the tarantella.
The tarantella touches you but does no damage.
You completely miss the tarantella.
The tarantella is moderately wounded.
Your shadow barely misses the tarantella.
You puncture the tarantella!
You feel better.
The tarantella is heavily wounded.
Your wolf bites the tarantella.
You puncture the tarantella!
You feel better.
You kill the tarantella!
Dithmenos accepts your kill.
You see here a tarantella corpse.
You see here a +3 dagger of freezing.
Your ice beast is caught in a web!
Your ice beast struggles to get unstuck from the web.
Your wolf disappears in a puff of smoke!
Your ice beast struggles to get unstuck from the web.
Your ice beast struggles to get unstuck from the web.
Your ice beast pulls away from the web.
Nikola shouts!
You puncture Nikola!
Nikola is lightly wounded.
Your shadow hits Nikola with a quick blade.
You puncture Nikola!
You feel better.
Nikola is lightly wounded.
Your shadow closely misses Nikola.
Nikola mumbles some strange words.
Lightning arcs from Nikola's hands!
The bolt of lightning hits you!!!!
Ouch! That really hurt!
You die...

#.#.#.### #.#.#.#.########
#..©[.#....#...#..^#.
#######........#.^...
#..©..#.###..###>....
##..©..###....#.#...#
#........#...##..|#######
########.....Y...@#....##.#.#
.§##...)...#....@.....###...###
§..##...^..#>...........#.^.#.###
#§§.†...#.##...#..###..###....#.#
§§§§....###....#....#...#....##..
§§.#.....###...#.#..#####...##...
§§§#...####...####§§§§§....##....
...#..##..^.#....#§§§§§§..=...###
..^#.##^....#....#.§#§§§..#....#
...###...}..##...#..#.#..#######


You could see Nikola (ally target) and a friendly ice beast (summoned).

Vanquished Creatures
  Saint Roka (Orc:2)
  Arachne (Spider:2)
  A deep elf demonologist (Orc:2)
  Snorg (Orc:1)
  An entropy weaver (Spider:1)
  Josephine (Lair:3)
  A great orb of eyes (D:15)
  A rakshasa (D:15)
  8 hydras
  3 catoblepae (Lair:5)
  A vault guard (D:14)
  4 centaur warriors
  7 two-headed ogres
  2 dancing weapons (Elf:1)
  18 death yaks
  7 boulder beetles
  Urug (Lair:3)
  2 tengu warriors
  An orc high priest (Elf:1)
  Sonja (D:13)
  2 pharaoh ants
  4 deep elf knights
  A steelbarb worm (Spider:2)
  Pikel (D:9)
  5 deep elf archers
  A necromancer (D:14)
  3 wizards (D:14)
  2 wolf spiders
  2 orc knights (Orc:2)
  17 deep elf zephyrmancers (Elf:1)
  3 oklob plants (Lair:5)
  19 deep elf pyromancers
  10 ugly things
  An orc sorcerer (Elf:1)
  4 cyclopes
  3 manticores
  A moth of wrath (Spider:1)
  14 elephants
  4 black mambas
  12 cane toads
  A gargoyle (D:11)
  A torpor snail (Lair:4)
  4 demonic crawlers
  An efreet (D:14)
  2 kobold demonologists
  An unseen horror (shapeshifter) (D:13)
  13 komodo dragons
  3 nameless horrors
  4 rime drakes
  A tengu conjurer (D:12)
  7 trolls
  A tyrant leech (Lair:2)
  3 hornets
  5 tarantellas
  4 polar bears
  A slime creature (shapeshifter) (D:15)
  21 blink frogs
  3 slime creatures (D:15)
  12 dream sheep
  2 shadows
  4 wraiths
  7 culicivoras
  2 vampires
  7 jumping spiders
  A hog (shapeshifter) (D:14)
  A wyvern (Lair:2)
  15 humans (D:14)
  30 yaks
  4 basilisks
  3 fire elementals (Volcano)
  14 redbacks
  A human (shapeshifter) (D:13)
  7 vampire mosquitoes
  2 wargs (Orc:1)
  2 swamp worms (Lair:2)
  3 acid dragons
  3 hell hounds (Volcano)
  10 water moccasins
  43 orc warriors
  4 black bears
  2 ice beasts
  A sky beast (D:8)
  14 centaurs
  9 ogres
  6 wolves (Lair:2)
  2 lemures (D:9)
  A phantom (D:4)
  Blork the orc (D:4)
  7 kobold brigands
  A scorpion (D:5)
  7 bullfrogs
  An elf skeleton (D:6)
  2 wights (D:9)
  3 killer bees (D:10)
  2 electric eels (Bailey)
  2 howler monkeys
  11 orc priests
  4 hounds
  A gnoll bouda (D:5)
  A human skeleton (D:6)
  3 iguanas
  16 orc wizards
  17 gnolls
  12 adders
  5 river rats (Sewer)
  2 shadow imps
  3 white imps (D:5)
  A worm (D:4)
  2 dart slugs
  69 orcs
  10 endoplasms
  7 giant cockroaches
  16 goblins
  7 hobgoblins
  39 kobolds
  6 quokkas
  15 ball pythons
  2 bats
  6 frilled lizards
  2 orc skeletons (D:6)
  2 orc zombies (D:6)
  24 rats
769 creatures vanquished.

Vanquished Creatures (collateral kills)
  A death yak (Lair:5)
  A tengu warrior (D:12)
  An orc high priest (Bailey)
  2 deep elf knights
  A necromancer (D:14)
  A deep elf archer (Elf:1)
  A deep elf zephyrmancer (Elf:1)
  4 deep elf pyromancers
  A torpor snail (Spider:2)
  A komodo dragon (Lair:1)
  A troll (Orc:2)
  A tarantella (Lair:3)
  2 blink frogs
  A slime creature (D:12)
  2 wraiths (Lair:3)
  2 fire elementals (Volcano)
  2 yaks (Lair:5)
  3 redbacks (Spider:1)
  A swamp worm (Lair:2)
  A hell hound (Volcano)
  7 orc warriors
  An ice beast (D:5)
  4 ogres
  A centaur (Orc:2)
  2 kobold brigands (D:9)
  A bullfrog (D:4)
  2 scorpions
  A gnoll sergeant (D:9)
  A wight (D:9)
  3 orc priests
  Natasha (twice) (D:2)
  An iguana (D:4)
  4 orc wizards
  An adder (D:4)
  4 gnolls
  13 orcs
  2 endoplasms
  A giant cockroach (D:4)
  A goblin (D:1)
  A hobgoblin (D:4)
  A quokka (D:4)
  3 kobolds
  3 rats
90 creatures vanquished.

Vanquished Creatures (others)
  3 vault guards (D:14)
  A gnoll (D:5)
  An orc (Orc:2)
  13 fungi
  27 plants
45 creatures vanquished.

Grand Total: 904 creatures vanquished

Notes
Turn   | Place    | Note
-------+----------+-------------------------------------------
     0 | D:1      | LnG the Kobold Summoner began the quest for the Orb.
     0 | D:1      | Reached XP level 1. HP: 10/10 MP: 3/3
   138 | D:1      | Reached XP level 2. HP: 15/15 MP: 1/5
   141 | D:1      | Learned a level 2 spell: Call Imp
   391 | D:1      | Reached skill level 3 in Stealth
   543 | D:1      | Reached XP level 3. HP: 19/19 MP: 6/6
   551 | D:1      | Learned a level 3 spell: Call Canine Familiar
  1062 | D:2      | Noticed Natasha
  1071 | D:2      | Killed Natasha
  1072 | D:2      | Reached skill level 4 in Stealth
  1072 | D:2      | Reached XP level 4. HP: 6/24 MP: 3/7
  1377 | D:2      | Noticed Natasha
  1392 | D:2      | Killed Natasha
  1393 | D:2      | Reached skill level 1 in Short Blades
  1393 | D:2      | Reached XP level 5. HP: 14/28 MP: 3/9
  2210 | D:3      | Reached skill level 5 in Stealth
  2696 | D:3      | Found a faded altar of an unknown god.
  2755 | D:4      | Gained mutation: You are partially covered in iridescent
                  | scales. (AC +2) [potion of mutation]
  2755 | D:4      | Gained mutation: You occasionally lose the ability to read
                  | scrolls when taking damage. [potion of mutation]
  2755 | D:4      | Gained mutation: You are resistant to electric shocks.
                  | (rElec) [potion of mutation]
  2881 | D:4      | Reached XP level 6. HP: 32/33 MP: 10/10
  2967 | D:4      | Reached skill level 1 in Fighting
  2967 | D:4      | Reached skill level 6 in Stealth
  3058 | D:4      | Found a runed translucent gate.
  3060 | D:4      | Found a runed translucent gate.
  3062 | D:4      | Found a runed translucent gate.
  3098 | D:4      | Noticed Blork the orc
  3127 | D:4      | Reached XP level 7. HP: 26/38 MP: 4/11
  3216 | D:4      | Reached skill level 7 in Stealth
  3485 | D:4      | Reached skill level 5 in Summonings
  3549 | D:4      | Found Areemoeni's General Store.
  3795 | D:4      | Killed Blork the orc
  3796 | D:4      | Reached XP level 8. HP: 43/43 MP: 13/13
  3933 | D:4      | Bought a potion of lignification for 39 gold pieces
  3933 | D:4      | Bought a potion of heal wounds for 65 gold pieces
  4053 | D:4      | Noticed Encipher's ghost (novice FoFi)
  4055 | D:4      | Noticed Bediveer's ghost (amateur DsAr)
  4062 | D:5      | Entered Level 5 of the Dungeon
  4174 | D:4      | Learned a level 3 spell: Summon Guardian Golem
  4179 | D:4      | Learned a level 4 spell: Summon Lightning Spire
  4247 | D:5      | Reached skill level 8 in Stealth
  4252 | D:5      | Reached skill level 5 in Dodging
  4808 | D:5      | Reached skill level 9 in Stealth
  4899 | D:5      | Reached skill level 5 in Short Blades
  4899 | D:5      | Reached XP level 9. HP: 49/49 MP: 15/15
  5156 | D:5      | Identified the +7 short sword of the End of Times {vorpal,
                  | +Blink rC+ Str+2}
  5285 | D:5      | Found a sparkling altar of Nemelex Xobeh.
  5565 | D:6      | Found a staircase to the Ecumenical Temple.
  5571 | Temple   | Entered the Ecumenical Temple
  5609 | Temple   | Became a worshipper of Dithmenos the Shadowed
  5723 | D:6      | Reached skill level 10 in Stealth
  5894 | D:6      | Found a glowing drain.
  5909 | Sewer    | Entered a sewer
  6081 | Sewer    | Reached * piety under Dithmenos
  6486 | D:6      | Reached ** piety under Dithmenos
  6487 | D:6      | Reached skill level 1 in Armour
  7152 | D:7      | Reached skill level 11 in Stealth
  7152 | D:7      | Reached XP level 10. HP: 56/56 MP: 16/16
  7189 | D:7      | Paralysed by a hornet for 2 turns
  7439 | D:7      | Found a shimmering blue altar of Sif Muna.
  7502 | D:7      | Reached *** piety under Dithmenos
  7658 | D:7      | Found a transporter.
  7669 | D:7      | Found a transporter.
  7669 | D:7      | Noticed lokiplouj's ghost (novice MeCA)
  8129 | D:8      | Found a hazy altar of Hepliaklqana.
  8309 | D:8      | Reached skill level 1 in Invocations
  8811 | D:9      | Noticed a two-headed ogre
  8815 | D:9      | Killed a two-headed ogre
  8816 | D:9      | Reached skill level 12 in Stealth
  8875 | D:9      | Lost mutation: You occasionally lose the ability to read
                  | scrolls when taking damage. [potion of mutation]
  8875 | D:9      | Lost mutation: You are partially covered in iridescent
                  | scales. (AC +2) [potion of mutation]
  8875 | D:9      | Lost mutation: You are resistant to electric shocks.
                  | (rElec) [potion of mutation]
  8875 | D:9      | Gained mutation: You are partially covered in large bone
                  | plates. (SH +4) [potion of mutation]
  8875 | D:9      | Gained mutation: Your muscles are strong. (Str +4, Int/Dex
                  | -1) [potion of mutation]
  8875 | D:9      | Gained mutation: You are somewhat resistant to further
                  | mutation. [potion of mutation]
  8881 | D:9      | Noticed Pikel
  8887 | D:9      | Killed Pikel
  8915 | D:9      | Found a staircase to the Orcish Mines.
  8939 | D:9      | Reached skill level 13 in Stealth
  8953 | D:9      | Reached XP level 11. HP: 52/61 MP: 18/18
  8987 | D:9      | Reached **** piety under Dithmenos
  9108 | D:9      | Found Siol's Weapon Shoppe.
  9212 | D:9      | Noticed a two-headed ogre
  9214 | D:9      | Noticed a nameless horror
  9248 | D:9      | Killed a two-headed ogre
  9249 | D:9      | Reached skill level 5 in Spellcasting
  9348 | D:9      | Killed a nameless horror
  9834 | D:9      | Identified a scroll of acquirement
  9835 | D:9      | Acquired the +10 quick blade "Manasanu" {vamp, rF+ rC+
                  | Will+ MP-9}
  9885 | D:9      | Reached skill level 1 in Shields
  9980 | D:10     | Entered Level 10 of the Dungeon
 10016 | D:10     | Found a blossoming altar of Fedhas.
 10049 | D:10     | Noticed a cyclops
 10063 | D:10     | Killed a cyclops
 10064 | D:10     | Reached skill level 14 in Stealth
 10109 | D:10     | Found a flagged portal.
 10229 | Bailey   | Entered a bailey
 10302 | Bailey   | Reached ***** piety under Dithmenos
 10545 | Bailey   | Acquired 511 gold pieces
 10583 | Bailey   | Found an iron altar of Okawaru.
 10584 | Bailey   | Noticed an orc high priest
 10606 | Bailey   | Killed an orc high priest
 10895 | Bailey   | Reached skill level 15 in Stealth
 11103 | D:10     | Noticed a two-headed ogre
 11107 | D:10     | Killed a two-headed ogre
 11108 | D:10     | Reached skill level 1 in Air Magic
 11108 | D:10     | Reached XP level 12. HP: 68/68 MP: 20/20
 11177 | D:10     | Noticed a boulder beetle
 11180 | D:10     | Killed a boulder beetle
 11535 | D:10     | Reached skill level 10 in Dodging
 11722 | D:11     | Noticed a two-headed ogre
 11725 | D:11     | Found Bissagas's Book Shoppe.
 11726 | D:11     | Killed a two-headed ogre
 11727 | D:11     | Reached skill level 16 in Stealth
 11727 | D:11     | Reached skill level 5 in Invocations
 11907 | D:11     | Found a portal to a secret trove of treasure.
 11987 | D:11     | Reached skill level 5 in Fighting
 12098 | D:11     | Found a staircase to the Lair.
 12098 | D:11     | Noticed a boulder beetle
 12183 | D:12     | Killed a boulder beetle
 12900 | D:12     | Found Koviecok's Jewellery Boutique.
 13423 | D:12     | Noticed a two-headed ogre
 13430 | D:12     | Killed a two-headed ogre
 13732 | D:13     | Noticed a tengu warrior
 13733 | D:13     | Killed a tengu warrior
 13862 | D:13     | Noticed Sonja
 13866 | D:13     | Killed Sonja
 13867 | D:13     | Reached skill level 17 in Stealth
 13867 | D:13     | Reached XP level 13. HP: 73/73 MP: 21/21
 14258 | D:13     | Noticed a centaur warrior
 15362 | D:12     | Killed a centaur warrior
 16170 | D:14     | Reached skill level 18 in Stealth
 16583 | D:14     | Found a gate to the Vaults.
 16583 | D:14     | Noticed a vault guard
 16583 | D:14     | Noticed a vault guard
 16584 | D:14     | Noticed a vault guard
 16584 | D:14     | Noticed a vault guard
 16616 | D:14     | Killed a vault guard
 16684 | D:14     | Killed a vault guard
 16696 | D:14     | Killed a vault guard
 17061 | D:13     | Reached XP level 14. HP: 79/79 MP: 23/23
 17373 | D:14     | Found a shimmering blue altar of Sif Muna.
 17465 | D:14     | Reached skill level 1 in Hexes
 17623 | D:15     | Entered Level 15 of the Dungeon
 17757 | D:15     | Acquired 717 gold pieces
 17963 | D:15     | Found a snail-covered altar of Cheibriados.
 18575 | D:15     | Reached skill level 19 in Stealth
 18581 | D:15     | Found a staircase to the Depths.
 19219 | Lair:1   | Entered Level 1 of the Lair of Beasts
 19242 | Lair:1   | Found a dark tunnel.
 19248 | Volcano  | Entered a volcano
 19275 | Volcano  | Reached ****** piety under Dithmenos
 19644 | Volcano  | Reached skill level 20 in Stealth
 19698 | Volcano  | Got Jaxuuz's First Steps in Incantation
 20444 | Lair:1   | Acquired the +12 crystal plate armour "Acoemnas" {Str-3
                  | Int+4 Dex+4}
 20717 | Lair:1   | Reached XP level 15. HP: 85/85 MP: 25/25
 20963 | Lair:2   | Reached skill level 10 in Short Blades
 21269 | Lair:2   | Reached skill level 21 in Stealth
 21603 | Lair:2   | Found a staircase to the Swamp.
 22273 | Lair:3   | Noticed Josephine
 22299 | Lair:3   | Killed Josephine
 22760 | Lair:3   | Found a hole to the Spider Nest.
 22809 | Lair:3   | Noticed Urug
 22813 | Lair:3   | Killed Urug
 23188 | Lair:4   | Reached skill level 22 in Stealth
 23224 | Lair:4   | Identified the amulet "Tumakihe" {RegenMP +Inv rN+ Slay+2}
 23809 | Lair:4   | Found a staircase to the Slime Pits.
 24150 | Lair:5   | Entered Level 5 of the Lair of Beasts
 24608 | Lair:5   | Reached XP level 16. HP: 92/92 MP: 26/26
 24637 | Lair:5   | Reached skill level 23 in Stealth
 25735 | Lair:5   | Reached skill level 15 in Dodging
 25829 | Lair:5   | Reached skill level 10 in Invocations
 26145 | Orc:1    | Entered Level 1 of the Orcish Mines
 26223 | Orc:1    | Found a burning altar of Makhleb.
 26258 | Orc:1    | Found Raseywni's Assorted Antiques.
 26264 | Orc:1    | Bought a potion of heal wounds for 120 gold pieces
 26582 | Orc:1    | Found a runed translucent door.
 26584 | Orc:1    | Found a shimmering altar of Xom.
 26584 | Orc:1    | Noticed SleepySteel's ghost (journeyman GnGl)
 26865 | Orc:2    | Entered Level 2 of the Orcish Mines
 26879 | Orc:2    | Found a staircase to the Elven Halls.
 27512 | Orc:2    | Found Xethiasi's Magic Scroll Shop.
 27512 | Orc:2    | Found Boulod's Armour Emporium.
 27512 | Orc:2    | Found Vuifuigir's Magic Scroll Shoppe.
 27513 | Orc:2    | Found Zuypan's Magic Scroll Boutique.
 27517 | Orc:2    | Bought a scroll of identify for 32 gold pieces
 27517 | Orc:2    | Bought a scroll of identify for 32 gold pieces
 27517 | Orc:2    | Bought a scroll of identify for 32 gold pieces
 27517 | Orc:2    | Bought a scroll of identify for 32 gold pieces
 27591 | Orc:2    | Reached skill level 24 in Stealth
 27648 | Orc:2    | Noticed Snorg
 27684 | Orc:1    | Killed Snorg
 28003 | Orc:2    | Noticed Saint Roka
 28241 | Orc:2    | Killed Saint Roka
 28322 | Elf:1    | Entered Level 1 of the Elven Halls
 28560 | Orc:2    | Reached XP level 17. HP: 97/97 MP: 27/27
 28730 | Elf:1    | Found Usoh's Book Boutique.
 28735 | Elf:1    | Bought a book of Rime for 504 gold pieces
 28740 | Elf:1    | Learned a level 4 spell: Summon Ice Beast
 30688 | Elf:1    | Identified the +6 whip "Worm's Wrath" {drain, *Rage rPois
                  | Dex+4}
 31020 | Spider:1 | Entered Level 1 of the Spider Nest
 32238 | Spider:2 | Found a transporter.
 32241 | Spider:2 | Found a transporter.
 32264 | Spider:2 | Got the +1 pair of boots of Disappointment {MP+9 Dex+4}
 32362 | Spider:2 | Identified the amulet "Teukimm" {Spirit rN++ Will-}
 32411 | Spider:2 | Noticed Arachne
 32414 | Spider:2 | Killed Arachne
 32415 | Spider:2 | Reached skill level 25 in Stealth
 32556 | Spider:2 | Noticed Nikola
 32810 | Spider:2 | Killed from afar by Nikola

Illustrated notes

Levels and vault maps discovered:
D:1:      wheals_arrival_shading, layout_basic, minmay_box_of_dots
D:2:      layout_rooms, uniq_natasha
D:3:      layout_loops_cross, shapermc_ecumenical_altar_mp_urbaneastern,
          hangedman_decor_push, hangedman_decor_opposing
D:4:      layout_loops_ring, gammafunk_ghost_cemetery, serial_shops,
          nicolae_shop_waterfront, st_stairs_2, minmay_misc_feat_tower,
          uniq_blork_the_orc
D:5:      dreamdust_elfheim, layout_rooms, mainiacjoe_overflow_alcove_1,
          chequers_decorated_corner, minmay_a_box_with_orc_wizards_in_it
D:6:      layout_basic, minmay_temple_entry_wispy, portal_sewer_entry_f,
          nicolae_ossuary_entry_catacombs
D:7:      layout_basic, mainiacjoe_overflow_brackets, gammafunk_ghost_arena,
          skrybe_limestone_x
D:8:      layout_loops_ring, mainiacjoe_overflow_catwalk
D:9:      layout_roguey, kennysheep_orc_monster_closet_entryway, serial_shops,
          nicolae_shop_bloodbath_and_beyond, kennysheep_big_empty_room,
          uniq_pikel
D:10:     layout_loops_ring, fedhas_altar_1, enter_bailey_8,
          small_statue_alley_a
D:11:     layout_big_octagon, lair_entry_dummy, serial_shops, shop,
          nicolae_trove_entry_free_sample, minmay_circle_x
D:12:     layout_basic, serial_shops, shop
D:13:     layout_layer_cave, uniq_sonja
D:14:     layout_long_grid, grunt_vaults_entry_tiered, lemuel_round_altar
D:15:     gammafunk_enter_depths_forms, layout_stronghold, cheibriados_altar_1
Temple:   eino_narrow_crystal_temple
Lair:1:   layout_regular_city, lightli_volcano_entry_magma_tube,
          fungi_pond_lemuel, serial_bayou_shore_b, infiniplex_staircase_pool,
          grunt_megastairs_2
Lair:2:   layout_hall_layers, palyth_hydra_swamp_entry, st_stairs_5
Lair:3:   layout_cave_pods, spider_nest_entry_rubble, uniq_josephine, uniq_urug
Lair:4:   layout_roguey, dpeg_slime_entry_corner
Lair:5:   evilmike_catoblepas_cave, layout_regular_city,
          eino_small_chamber_without_monster, dpeg_oklob_1
Spider:1: layout_spider_delve
Spider:2: gammafunk_boulding_lane, uniq_nikola, uniq_arachne
Orc:1:    layout_caves, ebering_ghost_xom, serial_shops, shop_fountains,
          basic_altar
Orc:2:    st_orc_rangers, layout_diamond_mine, uniq_saint_roka, uniq_snorg
Elf:1:    nicolae_elf_arrival_no_cutting_in_line, layout_loops_corners,
          serial_shops, shop, minmay_elf_crystal_hexagon

Skill      XL: |  1  2  3  4  5  6  7  8  9 10 11 12 13 14 15 16 17 |
---------------+----------------------------------------------------+-----
Stealth        | 3 4 5 6 7 9 11 13 15 17 18 20 22 24 25 | 25.0
Dodging        | 3 4 5 7 8 9 10 12 13 14 15 16 | 16.5
Short Blades   | 1 2 3 5 7 8 9 10 11 | 11.3
Fighting       | 1 2 3 4 5 6 7 8 |  8.4
Spellcasting   | 3 4 5 6 7 8 |  8.3
Summonings     | 5 6 7 8 9 |  9.1
Armour         | 1 2 3 4 |  4.7
Invocations    | 2 4 6 7 8 9 10 11 | 11.2
Shields        | 1 2 3 4 |  4.0
Air Magic      | 1 2 3 |  3.5
Hexes          | 1 |  1.1
Ice Magic      | |  0.4

Action                   |  1- 3 |  4- 6 |  7- 9 | 10-12 | 13-15 | 16-18 || total
-------------------------+-------+-------+-------+-------+-------+-------++-------
Melee: Unarmed           |     6 |       |       |       |       |       ||     6
       Dagger            |    21 |       |       |       |       |       ||    21
       Rapier            |    19 |    88 |   119 |       |       |       ||   226
       Punch             |       |     1 |     3 |    11 |    18 |    24 ||    57
       Short sword       |       |       |   246 |   253 |       |       ||   499
       Quick blade       |       |       |       |   367 |  1280 |  1516 ||  3163
 Cast: Summon Small Mamm |    12 |     1 |       |       |       |       ||    13
       Call Imp          |     1 |     4 |     4 |     4 |     3 |     3 ||    19
       Call Canine Famil |     1 |     9 |    12 |    19 |    13 |    25 ||    79
       Summon Guardian G |       |       |     1 |       |     6 |     3 ||    10
       Summon Lightning  |       |       |       |    14 |    12 |    21 ||    47
       Summon Ice Beast  |       |       |       |       |       |     5 ||     5
 Abil: Evoke Blink       |       |       |       |     1 |       |       ||     1
  Use: Scroll            |     1 |     2 |     9 |    13 |    13 |     7 ||    45
       Potion            |       |     2 |     1 |     3 |     3 |     5 ||    14
 Stab: Sleeping          |    13 |    23 |    34 |    68 |    87 |    61 ||   286
       Distracted        |       |       |     3 |    10 |    14 |    21 ||    48
       Betrayed ally     |       |       |       |       |     1 |       ||     1
       Invisible         |       |       |       |       |       |     4 ||     4
Armor: Robe              |     5 |    14 |    13 |       |       |       ||    32
       Leather armour    |       |       |    54 |    64 |   132 |   133 ||   383
       Crystal plate arm |       |       |       |       |     2 |       ||     2
Dodge: Dodged            |    26 |    39 |   277 |   267 |   611 |   868 ||  2088
Block: Other             |       |       |       |    33 |   122 |   152 ||   307

Table legend: (Time is in decaauts)
 A = Elapsed time spent in this place.
 B = Non-inter-level travel time spent in this place.
 C = Inter-level travel time spent in this place.
 D = Time resting spent in this place.
 E = Time spent auto-exploring this place.
 F = Levels seen in this place.
 G = Mean time per level.
                   A        B        C        D        E       F      G
               +--------+--------+--------+--------+--------+-----+--------+
         Total |  30522 |  29136 |   1386 |   3889 |  18090 |  29 | 1052.5 |
       Dungeon |  17390 |  16524 |    866 |   2224 |  10564 |  15 | 1159.3 |
        Temple |     46 |     33 |     13 |      0 |     26 |   1 |   46.0 |
          Lair |   6024 |   5632 |    392 |    519 |   4016 |   5 | 1204.8 |
   Spider Nest |   1313 |   1296 |     17 |    233 |    581 |   2 |  656.5 |
  Orcish Mines |   2005 |   1908 |     97 |    409 |   1012 |   2 | 1002.5 |
   Elven Halls |   2095 |   2095 |      0 |    305 |   1160 |   1 | 2095.0 |
         Sewer |    468 |    468 |      0 |      0 |    297 |   1 |  468.0 |
        Bailey |    778 |    778 |      0 |      2 |    431 |   1 |  778.0 |
       Volcano |    399 |    399 |      0 |    197 |      2 |   1 |  399.0 |
               +--------+--------+--------+--------+--------+-----+--------+

Top non-repeatable levels by time:
   Elf:1: 2095 daAuts
    D:12: 2006 daAuts
  Lair:3: 1477 daAuts
  Lair:5: 1471 daAuts
    D:15: 1438 daAuts
     D:4: 1380 daAuts
     D:5: 1378 daAuts
    D:13: 1371 daAuts
    D:14: 1355 daAuts
     D:9: 1166 daAuts
  Lair:1: 1143 daAuts
   Orc:2: 1140 daAuts
     D:3: 1108 daAuts
     D:6: 981 daAuts
  Lair:2: 970 daAuts
